AoeStats
← AloneArcher

Arena

510354569Analyzed
4v4 RM · 3d ago on Sep 30, 2026· 40m 22s· 8 players
Game mode
Random Map
Map size
Large (8 player)
Population
200
Speed
Normal
Resources
Standard
Victory
Conquest
Starting age
Dark Age
Ending age
Imperial Age
RankedLock teamsTeams togetherTeam positionsShared explorationLock speedFull tech treeHidden civsTurbo modeCheats
Victory
Defeat
🇹🇷 Turks · Türkiye
743
+7
🇺🇿 Poles · Uzbekistan
735
+7
🇺🇸 Armenians · United States
700
+8
🇮🇳 Maya · India
678
+9
🇮🇳 Aztecs · India
600
-10
🇩🇪 Britons · Germany
531
-8
🇨🇱 Mapuche · Chile
508
-8
🇺🇸 Wei · United States
430
-5
Ottoman5734
11:21 Feudal Age
21:54 Castle Age
19:45 Horse Collar
20:16 Double-Bit Axe
20:04 Man-at-Arms
23:52 Padded Archer Armor
23:42 Fletching
23:54 Scale Mail Armor
27:36 Wheelbarrow
26:50 Crossbowman
28:38 Long Swordsman
29:19 Squires
29:05 Arson
30:20 Gold Mining
31:08 Heavy Plow
31:21 Bow Saw
ruskihitman1
11:25 Feudal Age
13:13 Wheelbarrow
19:05 Castle Age
18:40 Stone Mining
18:54 Double-Bit Axe
19:05 Horse Collar
20:58 Bow Saw
21:57 Hand Cart
27:58 Heavy Plow
28:28 Caravan
32:48 Elite Skirmisher
34:13 Stone Shaft Mining
33:31 Gold Mining
33:51 Crossbowman
34:40 Thumb Ring
37:51 Imperial Age
35:08 Town Watch
35:09 Loom
Man_at_arms_rush_FC
2:42 Loom
12:06 Feudal Age
19:52 Castle Age
18:15 Double-Bit Axe
18:22 Horse Collar
19:02 Gold Mining
19:05 Stone Mining
20:49 Wheelbarrow
21:47 Bow Saw
21:39 Heavy Plow
22:17 Gold Shaft Mining
22:20 Stone Shaft Mining
23:34 Gambesons
23:49 Squires
23:34 Arson
24:05 Forging
23:55 Scale Mail Armor
27:02 Hand Cart
27:53 Iron Casting
27:33 Chain Mail Armor
33:26 Imperial Age
35:50 Crop Rotation
36:34 Blast Furnace
36:05 Plate Mail Armor
34:57 Elite Jaguar Warrior
35:59 Garland Wars
36:00 Conscription
35:03 Capped Ram
35:58 Town Watch
36:00 Siege Ram
Franco Joao G
0:38 Loom
13:02 Feudal Age
16:43 Double-Bit Axe
19:07 Horse Collar
22:21 Castle Age
23:58 Gold Mining
24:41 Caravan
32:47 Imperial Age
29:54 Elite Skirmisher
32:35 Stone Mining
32:50 Heavy Plow
35:14 Chemistry
36:43 Wheelbarrow
36:14 Pikeman
38:44 Halberdier
39:10 Arson
Zukomazi
12:50 Feudal Age
14:07 Double-Bit Axe
15:14 Horse Collar
16:46 Wheelbarrow
16:25 Stone Mining
16:36 Gold Mining
16:43 Loom
19:55 Castle Age
21:39 Bow Saw
21:37 Heavy Plow
23:46 Caravan
24:06 Fletching
29:58 Gold Shaft Mining
31:49 Bodkin Arrow
35:09 Imperial Age
33:25 Squires
34:33 Padded Archer Armor
35:20 Ballistics
35:11 Masonry
36:05 Hand Cart
35:35 Town Watch
36:36 Leather Archer Armor
37:06 Conscription
36:07 Elite Composite Bowman
36:15 Capped Ram
37:08 Siege Ram
37:52 Bracer
38:23 Ring Archer Armor
38:57 Chemistry
37:20 Pikeman
AloneArcher
12:56 Feudal Age
14:38 Double-Bit Axe
14:35 Horse Collar
18:05 Castle Age
16:52 Gold Mining
16:55 Stone Mining
21:39 Heavy Plow
22:10 Caravan
25:19 Wheelbarrow
25:00 Bow Saw
27:05 Gold Shaft Mining
30:30 Imperial Age
31:17 Hand Cart
32:50 Two-Man Saw
32:44 Conscription
34:18 Scale Barding Armor
34:14 Padded Archer Armor
34:04 Fletching
34:25 Forging
34:15 Scale Mail Armor
34:09 Town Watch
34:10 Loom
35:39 Elite Janissary
ruthlessfatality
11:13 Feudal Age
15:14 Castle Age
13:10 Double-Bit Axe
13:12 Horse Collar
13:48 Gold Mining
15:09 Wheelbarrow
14:55 Stone Mining
16:13 Bow Saw
16:05 Heavy Plow
20:57 Stone Shaft Mining
25:23 Hand Cart
30:35 Imperial Age
28:21 Scale Barding Armor
28:33 Forging
28:23 Scale Mail Armor
30:44 Iron Casting
30:31 Chain Barding Armor
30:32 Light Cavalry
31:23 Bloodlines
31:13 Husbandry
31:15 Squires
33:24 Chain Mail Armor
34:10 Blast Furnace
32:46 Winged Hussar
33:27 Husbandry
35:26 Plate Mail Armor
35:55 Town Watch
35:56 Loom
36:34 Caravan
37:04 Coinage
36:59 Fletching
37:10 Padded Archer Armor
37:44 Conscription
36:54 Sappers
37:34 Szlachta Privileges
39:17 Bodkin Arrow
39:38 Leather Archer Armor
39:47 Ballistics
40:33 Chemistry
bela29318
10:26 Loom
12:12 Feudal Age
14:37 Double-Bit Axe
14:39 Horse Collar
17:52 Castle Age
16:28 Wheelbarrow
18:46 Bow Saw
21:58 Heavy Plow
22:21 Gold Mining
23:44 Hand Cart
26:58 Fletching
27:08 Padded Archer Armor
27:10 Stone Mining
29:49 Bodkin Arrow
30:10 Leather Archer Armor
34:29 Imperial Age
31:47 Town Watch
32:47 Treadmill Crane
33:19 Masonry
33:58 Ballistics
35:03 Caravan
35:39 Bracer
35:50 Forging
35:40 Scale Mail Armor
36:44 Two-Man Saw
36:20 Crop Rotation
37:09 Conscription
36:10 Elite Plumed Archer
37:44 Ring Archer Armor
37:49 Iron Casting
37:41 Hul'che Javelineers
38:10 Eagle Warrior
38:51 Squires
39:30 Iron Casting
39:10 Chain Mail Armor
38:56 Elite Eagle Warrior
39:22 Arson
41:19 Holcans
41:25 Hoardings
Connection lost

Rejoining the realm…

Still unreachable

The connection could not be restored.

Session expired

The server has moved on; the page needs a fresh start.